 Dungeon Crawl Stone Soup version 0.31-a0-229-g1fc7ce93e2 (webtiles) character file.

Game seed: 9876563927794080764

37 funkygono the Covered (level 3, -1/29 HPs)
             Began as a Human Fighter on July 6, 2023.
             Succumbed to an adder's poison
             ... on level 2 of the Dungeon.
             The game lasted 00:01:28 (1023 turns).

funkygono the Covered (Human Fighter)               Turns: 1023, Time: 00:01:28

Health: -1/29      AC: 11    Str: 18    XL:     3   Next: 60%
Magic:  3/3        EV:  5    Int:  8    God:
Gold:   27         SH:  4    Dex: 12    Spells: 2/2 levels left

rFire   . . .        a - +0 war axe
rCold   . . .        c - +0 buckler
rNeg    . . .        j - +0 plate armour
rPois   .            (no helmet)
rElec   .            (no cloak)
rCorr   .            (no gloves)
SInv    .            (no boots)
Will    .....        (no amulet) Stlth
                     (no ring)
HPRegen 0.24/turn    (no ring)
MPRegen 0.08/turn

%: no passive effects
@: mighty, lethally poisoned (-1 -> -7)
A: no striking features
a: no special abilities


You were on level 2 of the Dungeon.
You visited 1 branch of the dungeon, and saw 2 of its levels.

You collected 27 gold pieces.

Inventory:

Hand Weapons
 a - a +0 war axe (weapon)
Missiles
 e - 20 stones
Armour
 c - a +0 buckler (worn)
 j - a +0 plate armour (worn)
Scrolls
 b - a scroll of vulnerability {unknown}
 g - a scroll of identify {unknown}
 i - a scroll of poison {unknown}
 k - a scroll of blinking {unknown}
Potions
 f - a potion of berserk rage {unknown}
 h - a potion of enlightenment {unknown}
 l - a potion of resistance {unknown}


   Skills:
 + Level 3.3 Fighting
 + Level 2.4 Axes
 + Level 3.4 Armour
 + Level 0.2 Dodging
 + Level 3.3 Shields


You had 2 spell levels left.
You didn't know any spells.
Your spell library was empty.

Dungeon Overview and Level Annotations

Branches:
Dungeon (2/15)

Altars:
Dithmenos


Message History

You miss the adder. The adder barely misses you. You block the adder's attack.
You closely miss the adder. The adder bites you.
You are poisoned.
The adder poisons you! The adder barely misses you.
You barely miss the adder.
You feel sick. The adder bites you but does no damage. The adder bites you.
You are more poisoned.
The adder poisons you!
You barely miss the adder.
You feel sick. The adder bites you.
You are more poisoned.
The adder poisons you!
You barely miss the adder.
You feel very sick.
The adder bites you but does no damage. x2
You closely miss the adder.
You feel sick. The adder bites you but does no damage.
You block the adder's attack.
You hit the adder but do no damage.
You feel sick. The adder bites you.
You are lethally poisoned!
The adder poisons you! You block the adder's attack.
You barely miss the adder.
* * * LOW HITPOINT WARNING * * *
You feel very sick.
The adder bites you but does no damage. x2
You closely miss the adder.
* * * LOW HITPOINT WARNING * * *
You feel very sick. The adder bites you but does no damage.
You hit the adder.
The adder is moderately wounded.
* * * LOW HITPOINT WARNING * * *
You feel sick. The adder barely misses you. The adder bites you.
* * * LOW HITPOINT WARNING * * *
You are more poisoned.
The adder poisons you!
You feel very mighty all of a sudden.
* * * LOW HITPOINT WARNING * * *
You feel sick. The adder barely misses you.
You miss the adder.
The adder is lightly wounded.
You die...

#....##
#....#..####..
#.....# #.......# .
.....# ##......#
._........#...####..
...#####...........
..# ###.#.#####< #.#
#.#....... #S#
#.###.###. #@# #.#
#.#
#.#######.###.###.
#.................
##.#########......
#.# #..#### #.# #..#
#.# #..# #.# #..#
#.# #..#


You could see an adder.

Vanquished Creatures
  A dart slug (D:1)
  6 bats (D:1)
  7 endoplasms
  2 goblins (D:1)
  A hobgoblin (D:2)
  A ball python (D:1)
  6 frilled lizards
  5 kobolds
  4 rats
33 creatures vanquished.

Notes
Turn   | Place    | Note
-------+----------+-------------------------------------------
     0 | D:1      | funkygono the Human Fighter began the quest for the Orb.
     0 | D:1      | Reached XP level 1. HP: 18/18 MP: 1/1
    69 | D:1      | Reached XP level 2. HP: 24/24 MP: 2/2
   173 | D:1      | HP: 1/24 [frozen (4)]
   377 | D:1      | Reached XP level 3. HP: 22/29 MP: 3/3
  1002 | D:2      | Found a shadowy altar of Dithmenos.
  1023 | D:2      | Succumbed to an adder's poison

Illustrated notes

Levels and vault maps discovered:
D:1:      dpeg_arrival_simpleton_a, layout_loops_ring,
          minmay_misc_feat_more_columns, kennysheep_flooded_box,
          minmay_tiny_reverse_x
D:2:      layout_loops_ring, serial_shops, shop, basic_altar

Action                     || total
---------------------------++-------
  Melee: War axe           ||   100
    Use: Potion            ||     1
 Armour: Scale mail        ||    42
         Plate armour      ||    30
  Dodge: Dodged            ||    62
  Block: Buckler           ||    32

Table legend: (Time is in decaauts)
 A = Elapsed time spent in this place.
 B = Non-inter-level travel time spent in this place.
 C = Inter-level travel time spent in this place.
 D = Time resting spent in this place.
 E = Time spent auto-exploring this place.
 F = Levels seen in this place.
 G = Mean time per level.
                   A        B        C        D        E       F      G
               +--------+--------+--------+--------+--------+-----+--------+
         Total |   1065 |   1025 |     40 |      0 |    737 |   2 |  532.5 |
       Dungeon |   1065 |   1025 |     40 |      0 |    737 |   2 |  532.5 |
               +--------+--------+--------+--------+--------+-----+--------+

Top non-repeatable levels by time:
     D:1: 962 daAuts
     D:2: 103 daAuts
